 Dungeon Sprint DCSS version 0.26-a0-662-g8b9c6dab81 (webtiles) character file.

Game seed: 12860138740917652398

10900000 olmar the Grand Master (level 27, -14/323 HPs)
             Began as a Demonspawn Transmuter on Oct 10, 2020.
             Was the Champion of Makhleb.
             Killed by the air
             ... invoked by a tyrant
              (32 damage)
             ... in the Dungeon (Sprint VIII: "Arena of Blood").
             The game lasted 00:03:16 (109 turns).

olmar the Grand Master (Demonspawn Transmuter)       Turns: 109, Time: 00:03:16

Health: -14/323    AC: 10    Str: 13    XL:     27
Magic:  30/54      EV: 36    Int: 17    God:    Makhleb [******]
Gold:   0          SH:  0    Dex: 22    Spells: 79/80 levels left

rFire    + . .     SeeInvis .   b - +∞ Axe of Woe
rCold    . . .     Faith    .   (shield currently unavailable)
rNeg     . . .     Spirit   .   a - +0 robe
rPois    .         Reflect  .   (no helmet)
rElec    .         Harm     .   (no cloak)
rCorr    .         Rampage  .   (no gloves)
MR       ++...     NoTele   +   (boots unavailable)
Stlth    +++++++++.             (no amulet)
HPRegen  0.63/turn              (no ring)
MPRegen  0.34/turn              (no ring)

@: hasted, very quick
A: hooves 3, iridescent scales 3, demonic guardian 3, fire resistance 1, ignite
blood, robust 3, flame cloud immunity
a: Minor Destruction, Lesser Servant of Makhleb, Major Destruction, Greater
Servant of Makhleb, Renounce Religion


You were in the Dungeon.
You worshipped Makhleb.
Makhleb was exalted by your worship.
You visited 1 branch

Inventory:

Hand Weapons
 b - the +∞ Axe of Woe (weapon)
   (You found it in the Dungeon)
Armour
 a - a +0 robe (worn)
Potions
 c - a potion of curing
 d - a potion of heal wounds
 f - 2 potions of magic
 g - a potion of berserk rage


   Skills:
 O Level 27 Fighting
 O Level 27 Axes
 O Level 27 Throwing
 O Level 27 Armour
 O Level 27 Dodging
 O Level 27 Stealth
 O Level 27 Unarmed Combat
 O Level 27 Spellcasting
 O Level 27 Transmutations
 O Level 27 Invocations


You had 79 spell levels left.
You knew the following spells:

 Your Spells              Type           Power        Failure   Level
a - Beastly Appendage     Tmut           ######       0%          1

Your spell library contained the following spells:

 Spells                   Type           Power        Failure   Level
 Wereblood                Tmut           #######.     0%          2
 Blade Hands              Tmut           #######...   0%          5
 Spider Form              Tmut/Pois      ######....   1%          3
 Ice Form                 Ice/Tmut       ######..     1%          4


Dungeon Overview and Level Annotations

Branches:
Dungeon (1/1)

Altars:
Makhleb


Innate Abilities, Weirdness & Mutations

You have hooves in place of feet.
You are completely covered in iridescent scales. (AC +6)
A powerful demonic guardian rushes to your aid.
Your flesh is heat resistant. (rF+)
Your demonic aura causes spilled blood to erupt in flames.
You are extremely robust. (+30% HP)
You are immune to clouds of flame.


Message History

You hear a shout!
The eight-headed meat hydra calls on the powers of darkness!
The eight-headed meat hydra convulses!
The scourge convulses!
The eight-headed meat hydra convulses!
The bag of meat convulses!
Your body is wracked with pain!
* * * LOW HITPOINT WARNING * * *
The large abomination is engulfed in blazing flames.
The eight-headed meat hydra calls on the powers of darkness!
The eight-headed meat hydra convulses!
Your body is wracked with pain!
* * * LOW HITPOINT WARNING * * *
The meat berserker convulses!
The bag of meat convulses! x6
Something is bathed in an unholy light!
The bag of meat convulses!
Something is bathed in an unholy light!
The bag of meat convulses! x3
The eight-headed meat hydra convulses!
The bag of meat convulses!
The large bag of meat convulses!
Flame seeps out of the large bag of meat.
Something is bathed in an unholy light!
The tyrant waves its bony arms in wide circles.
The air twists around and strikes you!!
You die...

### =. D..#### ...
.S...#### .
#.#####......####
....O......D.oo...####
...##.##....o{W°§§o.....#
......O.....oo.O@○○......
.....#.#.x{.Ooo#§§°D.....
......O.oVo)2####X°oM....
.........ooooo..X{o.oX...
......o.)OVo..O.o)..#xXX.
....).))o).))..o§LXoX.X..
....)))VO)))O§...XLX#L.X.
#...)))x#)O.x....XOXoX..
#.....)X#......O....##..


You could see an accursed, 3 tentacled monstrosities, a meat beast (fast), 3
tyrants, 3 eight-headed meat hydras, a destroyer, a scourge, a large bag of meat
(inner flame), 10 large abominations, a dread, 3 meat berserkers, 17 bags of
meat and 2 crawling corpses.

Vanquished Creatures
  Sigmund (D)
  13 hell beasts (D)
  A greater mummy (D)
  A great orb of eyes (D)
  3 wraiths (D)
  13 vampire knights (D)
  57 ogres (D)
  4 two-headed ogres (D)
  4 liches (D)
  A hydra (D)
  59 orcs (D)
  3 phantoms (D)
  7 skeletal warriors (D)
  8 large abominations (D)
  8 small abominations (D)
  22 crawling corpses (D)
205 creatures vanquished.

Vanquished Creatures (collateral kills)
  2 orcs (D)
  A crawling corpse (D)
3 creatures vanquished.

Vanquished Creatures (others)
  Harold (D)
  An ogre (D)
  4 two-headed ogres (D)
  A hydra (D)
  6 orcs (D)
  6 crawling corpses (D)
19 creatures vanquished.

Grand Total: 227 creatures vanquished

Notes
Turn   | Place    | Note
-------+----------+-------------------------------------------
     0 | D        | Found the +∞ Axe of Woe
     0 | D        | olmar the Demonspawn Transmuter began the quest for the
                  | Orb.
     0 | D        | Reached XP level 1. HP: 15/15 MP: 3/3
     1 | D        | Noticed a bag of meat
     2 | D        | Noticed a bag of meat
     3 | D        | Became a worshipper of Makhleb the Destroyer
     3 | D        | Noticed a bag of meat
     5 | D        | Noticed a meat berserker
     5 | D        | Noticed a bag of meat
     6 | D        | Killed a bag of meat
     6 | D        | Reached skill level 10 in Dodging
     6 | D        | Gained mutation: You have large cloven feet. [demonic
                  | ancestry]
     6 | D        | Reached XP level 2. HP: 25/25 MP: 3/14
     6 | D        | Reached XP level 3. HP: 30/30 MP: 3/16
     6 | D        | Gained mutation: You are partially covered in iridescent
                  | scales. (AC +2) [demonic ancestry]
     6 | D        | Reached XP level 4. HP: 37/37 MP: 3/17
     6 | D        | Reached XP level 5. HP: 42/42 MP: 3/19
     6 | D        | Gained mutation: You are mostly covered in iridescent
                  | scales. (AC +4) [demonic ancestry]
     6 | D        | Reached XP level 6. HP: 48/48 MP: 3/20
     6 | D        | Reached XP level 7. HP: 54/54 MP: 3/22
     6 | D        | Reached XP level 8. HP: 60/60 MP: 3/23
     6 | D        | Gained mutation: A weak demonic guardian rushes to your
                  | aid. [demonic ancestry]
     6 | D        | Reached XP level 9. HP: 65/65 MP: 3/24
     6 | D        | Gained mutation: You have hoof-like feet. [demonic
                  | ancestry]
     6 | D        | Reached XP level 10. HP: 72/72 MP: 3/25
     6 | D        | Reached XP level 11. HP: 77/77 MP: 3/26
     6 | D        | Noticed a meat berserker
     6 | D        | Noticed a meat berserker
     7 | D        | Noticed a bag of meat
     7 | D        | Noticed a bag of meat
     8 | D        | Killed a bag of meat
     8 | D        | Reached * piety under Makhleb
     8 | D        | Reached skill level 5 in Fighting
     8 | D        | Gained mutation: Your flesh is heat resistant. (rF+)
                  | [demonic ancestry]
     8 | D        | Reached XP level 12. HP: 32/86 MP: 3/29
     8 | D        | Killed a meat berserker
     8 | D        | Reached skill level 15 in Spellcasting
     8 | D        | Gained mutation: You are immune to clouds of flame.
                  | [demonic ancestry]
     8 | D        | Reached XP level 13. HP: 35/95 MP: 3/32
     8 | D        | Gained mutation: A demonic guardian rushes to your aid.
                  | [demonic ancestry]
     8 | D        | Reached XP level 14. HP: 37/101 MP: 3/33
     9 | D        | Killed a meat berserker
     9 | D        | Reached skill level 10 in Axes
     9 | D        | Reached skill level 15 in Dodging
     9 | D        | Reached XP level 15. HP: 17/110 MP: 4/36
     9 | D        | Reached ** piety under Makhleb
     9 | D        | Reached skill level 27 in Unarmed Combat
     9 | D        | Noticed a meat berserker
    10 | D        | Killed a meat berserker
    10 | D        | Reached skill level 10 in Fighting
    10 | D        | Reached skill level 15 in Axes
    10 | D        | Reached XP level 16. HP: 38/123 MP: 4/40
    10 | D        | Reached *** piety under Makhleb
    10 | D        | Noticed a meat berserker
    12 | D        | Reached XP level 17. HP: 102/132 MP: 5/43
    12 | D        | Noticed a meat berserker
    13 | D        | Killed a meat berserker
    14 | D        | Noticed a meat berserker
    14 | D        | Noticed a meat berserker
    15 | D        | Noticed a meat berserker
    15 | D        | Noticed a meat berserker
    16 | D        | Killed a meat berserker
    16 | D        | Reached **** piety under Makhleb
    16 | D        | Gained mutation: You are robust. (+10% HP) [demonic
                  | ancestry]
    16 | D        | Reached XP level 18. HP: 105/159 MP: 6/47
    16 | D        | Killed a meat berserker
    16 | D        | Reached skill level 15 in Fighting
    17 | D        | Killed a meat berserker
    17 | D        | Reached skill level 27 in Spellcasting
    17 | D        | Gained mutation: You have hooves in place of feet. [demonic
                  | ancestry]
    17 | D        | Reached XP level 19. HP: 174/174 MP: 6/50
    17 | D        | Reached ***** piety under Makhleb
    17 | D        | Noticed a large bag of meat
    19 | D        | Killed a meat berserker
    19 | D        | Reached skill level 27 in Axes
    19 | D        | Reached skill level 27 in Dodging
    19 | D        | Reached XP level 20. HP: 195/195 MP: 7/51
    19 | D        | Noticed a destroyer
    20 | D        | Killed a meat berserker
    20 | D        | Reached skill level 27 in Fighting
    20 | D        | Reached skill level 27 in Transmutations
    20 | D        | Reached skill level 10 in Invocations
    20 | D        | Reached skill level 10 in Stealth
    20 | D        | Reached skill level 15 in Invocations
    20 | D        | Gained mutation: A powerful demonic guardian rushes to your
                  | aid. [demonic ancestry]
    20 | D        | Reached XP level 21. HP: 224/224 MP: 7/52
    21 | D        | Reached ****** piety under Makhleb
    22 | D        | Reached skill level 15 in Throwing
    22 | D        | Reached skill level 15 in Armour
    23 | D        | Reached XP level 22. HP: 233/233 MP: 8/53
    24 | D        | Noticed a destroyer
    25 | D        | Killed a large bag of meat
    25 | D        | Reached skill level 27 in Invocations
    25 | D        | Reached skill level 27 in Stealth
    25 | D        | Gained mutation: Your demonic aura causes spilled blood to
                  | erupt in flames. [demonic ancestry]
    25 | D        | Reached XP level 23. HP: 220/240 MP: 8/54
    26 | D        | Reached skill level 27 in Throwing
    26 | D        | Reached skill level 27 in Armour
    27 | D        | Killed a destroyer
    27 | D        | Reached XP level 24. HP: 249/249 MP: 9/54
    30 | D        | Noticed a destroyer
    31 | D        | Noticed a large bag of meat
    32 | D        | Noticed a destroyer
    32 | D        | Gained mutation: You are very robust. (+20% HP) [demonic
                  | ancestry]
    32 | D        | Reached XP level 25. HP: 249/280 MP: 10/54
    32 | D        | Noticed a destroyer
    32 | D        | Noticed a destroyer
    33 | D        | Noticed a large bag of meat
    34 | D        | Noticed a large bag of meat
    35 | D        | Killed a destroyer
    36 | D        | Killed a destroyer
    36 | D        | Gained mutation: You are extremely robust. (+30% HP)
                  | [demonic ancestry]
    36 | D        | Reached XP level 26. HP: 280/314 MP: 11/54
    36 | D        | Killed a destroyer
    37 | D        | Killed a destroyer
    37 | D        | Gained mutation: You are completely covered in iridescent
                  | scales. (AC +6) [demonic ancestry]
    37 | D        | Reached XP level 27. HP: 323/323 MP: 11/54
    37 | D        | Noticed a large bag of meat
    38 | D        | Killed a large bag of meat
    39 | D        | Noticed a destroyer
    40 | D        | Noticed a destroyer
    41 | D        | Killed a large bag of meat
    41 | D        | Killed a large bag of meat
    41 | D        | Noticed a tyrant
    43 | D        | Noticed a destroyer
    45 | D        | Killed a destroyer
    45 | D        | Killed a destroyer
    46 | D        | Noticed a tyrant
    47 | D        | Killed a destroyer
    47 | D        | Killed a large bag of meat
    47 | D        | Noticed a tyrant
    50 | D        | Killed a tyrant
    55 | D        | Noticed a tyrant
    56 | D        | Killed a destroyer
    56 | D        | Noticed a destroyer
    57 | D        | Noticed The Captor
    58 | D        | Noticed an accursed
    59 | D        | Noticed a dread
    59 | D        | Noticed a meat beast
    59 | D        | Killed a tyrant
    60 | D        | Noticed a dread
    61 | D        | Noticed a meat beast
    61 | D        | Noticed a destroyer
    61 | D        | Noticed an accursed
    62 | D        | Killed The Captor
    63 | D        | Noticed a meat beast
    64 | D        | Killed an accursed
    64 | D        | Killed a meat beast
    64 | D        | Killed a meat beast
    64 | D        | Noticed a dread
    65 | D        | Noticed a dread
    65 | D        | Killed a meat beast
    65 | D        | Noticed a meat beast
    66 | D        | Noticed a destroyer
    67 | D        | Killed a destroyer
    67 | D        | Noticed a tyrant
    68 | D        | HP: 13/323 [meat beast (13)]
    69 | D        | Killed a meat beast
    69 | D        | Killed a destroyer
    71 | D        | Noticed a meat beast
    74 | D        | Killed a meat beast
    75 | D        | Killed a destroyer
    77 | D        | Noticed a meat beast
    78 | D        | Killed a dread
    81 | D        | Noticed a meat beast
    82 | D        | Killed a meat beast
    82 | D        | Killed a tyrant
    82 | D        | Noticed a meat beast
    83 | D        | Noticed a meat beast
    84 | D        | Killed a dread
    84 | D        | Noticed a dread
    85 | D        | Killed a meat beast
    86 | D        | Killed a meat beast
    86 | D        | Killed a dread
    88 | D        | Noticed a meat beast
    88 | D        | Killed a meat beast
    90 | D        | Killed a tyrant
    90 | D        | Noticed a meat beast
    94 | D        | Killed a meat beast
    95 | D        | Noticed a tyrant
    96 | D        | Noticed a meat beast
    97 | D        | Killed a meat beast
    98 | D        | Noticed a tyrant
    98 | D        | Noticed an accursed
    99 | D        | Noticed a large bag of meat
   101 | D        | Noticed a destroyer
   102 | D        | Noticed a meat beast
   102 | D        | Noticed a meat beast
   103 | D        | Killed a meat beast
   103 | D        | Killed a destroyer
   103 | D        | Killed a large bag of meat
   104 | D        | Noticed a tyrant
   105 | D        | Noticed a large bag of meat
   106 | D        | Noticed an accursed
   106 | D        | Killed a large bag of meat
   106 | D        | Killed a large bag of meat
   106 | D        | Killed The Servant
   107 | D        | HP: 15/323 [tyrant/the air (31)]
   108 | D        | Noticed a destroyer
   108 | D        | Killed a meat beast
   108 | D        | Noticed a destroyer
   109 | D        | Killed from afar by a tyrant

Illustrated notes

Levels and vault maps discovered:
D:        meatsprint

Skill      XL: |  1  2  3  4  5  6  7  8  9 10 11 12 13 14 15 16 17 18 19 20 21 22 23 |
---------------+----------------------------------------------------------------------+-----
Fighting       | 4 5 6 7 10 11 13 16 20 27 | 27.0
Axes           | 4 6 8 10 15 17 21 25 27 | 27.0
Dodging        | 10 12 14 15 18 20 22 25 27 | 27.0
Unarmed Combat | 18 20 23 26 27 | 27.0
Spellcasting   | 11 13 15 17 20 22 25 27 | 27.0
Transmutations | 9 11 12 13 16 17 20 22 25 27 | 27.0
Throwing       | 11 19 25 27 | 27.0
Armour         | 11 19 25 27 | 27.0
Stealth        | 12 21 27 | 27.0
Invocations    | 15 26 27 | 27.0

Action                   |  1- 3 |  4- 6 |  7- 9 | 10-12 | 13-15 | 16-18 | 19-21 | 22-24 | 25-27 || total
-------------------------+-------+-------+-------+-------+-------+-------+-------+-------+-------++-------
Melee: Executioner's axe |     1 |       |       |     1 |     2 |     4 |     5 |     7 |    63 ||    83
  Use: Scroll            |       |       |       |       |       |       |       |       |     1 ||     1
       Potion            |       |       |       |       |       |       |       |       |     1 ||     1
Armor: Robe              |       |       |       |       |       |       |       |       |     4 ||     4
Dodge: Dodged            |       |       |       |       |       |       |     1 |     1 |    21 ||    23

Table legend: (Time is in decaauts)
 A = Elapsed time spent in this place.
 B = Non-inter-level travel time spent in this place.
 C = Inter-level travel time spent in this place.
 D = Time resting spent in this place.
 E = Time spent auto-exploring this place.
 F = Levels seen in this place.
 G = Mean time per level.
                   A        B        C        D        E       F      G
               +--------+--------+--------+--------+--------+-----+--------+
         Total |     88 |     88 |      0 |      0 |      0 |   1 |   88.0 |
       Dungeon |     88 |     88 |      0 |      0 |      0 |   1 |   88.0 |
               +--------+--------+--------+--------+--------+-----+--------+

Top non-repeatable levels by time:
       D: 88 daAuts
